 Dungeon Crawl Stone Soup version 0.24-a0-580-g6a6c3f83c1 (webtiles) character file.

Game seed: 16172555007811230827

7983 Mame the Severer (level 11, -6/142 HPs)
             Began as a Hill Orc Fighter on Aug 22, 2019.
             Was an Elder of Okawaru.
             Killed by divine providence
             ... invoked by an orc priest
              (15 damage)
             ... on level 2 of the Orcish Mines.
             The game lasted 00:59:20 (13336 turns).

Mame the Severer (Hill Orc Fighter)                Turns: 13336, Time: 00:59:20

Health: -6/142     AC: 28    Str: 23    XL:     11   Next: 23%
Magic:  7/13       EV:  2    Int:  8    God:    Okawaru [****..]
Gold:   677        SH: 14    Dex: 13    Spells: 10/10 levels left

rFire    . . .     SeeInvis .   E - +0 hand axe (holy)
rCold    . . .     Gourm    .   c - +0 shield
rNeg     + + +     Faith    .   (armour currently unavailable)
rPois    +         Spirit   .   (helmet currently unavailable)
rElec    .         Reflect  +   (cloak currently unavailable)
rCorr    .         Harm     .   (gloves currently unavailable)
MR       .....     NoTele   +   (boots currently unavailable)
Stlth    +++.......             t - +2 amulet of reflection
HPRegen  0.33/turn              w - +3 ring of dexterity
MPRegen  0.13/turn              y - +3 ring of protection

@: tree-form, heroism, finesse
A: no striking features
a: Heroism, Renounce Religion, Convert to Beogh


You were on level 2 of the Orcish Mines.
You worshipped Okawaru.
Okawaru was greatly pleased with you.
You were not hungry.
You were a tree.
You visited 4 branches of the dungeon, and saw 14 of its levels.

You collected 677 gold pieces.

Inventory:

Hand Weapons
 a - a +0 war axe
 e - a +2 dagger of draining
 g - a +3 falchion
 v - a +2 dagger of venom
 E - a +0 hand axe of holy wrath (weapon)
 I - a +0 broad axe
Missiles
 u - 12 silver boomerangs (quivered)
Armour
 b - a +0 scale mail (melded)
 c - a +0 shield (worn)
 d - a +0 pair of gloves of dexterity (melded)
 i - a +2 leather armour of positive energy
 l - a +0 cloak
 m - a +2 plate armour of fire resistance
 z - a scarf of resistance (melded)
 F - a +0 chain mail
Jewellery
 t - a +2 amulet of reflection (around neck)
 w - a +3 ring of dexterity (left branch)
 y - a +3 ring of protection (right branch)
 K - an uncursed amulet of guardian spirit
Scrolls
 h - 6 scrolls of remove curse
 j - 6 scrolls of identify
 k - a scroll of enchant weapon {unknown}
 o - a scroll of blinking {unknown}
 q - a scroll of amnesia
 A - a scroll of magic mapping {unknown}
 D - a scroll of fear {unknown}
 G - a scroll of immolation
Potions
 r - 3 potions of lignification
 x - a potion of brilliance
 H - 4 potions of flight
Comestibles
 f - 15 rations
 n - a chunk of flesh


   Skills:
 + Level 8.6(13.6) Fighting
 - Level 15.3(20.3) Axes
 * Level 10.0(15.0) Armour
 - Level 4.7(9.7) Shields
 - Level 3.5 Invocations
   Level 1.8 Evocations


You had 10 spell levels left.
You didn't know any spells.
Your spell library contained the following spells:

 Spells                   Type           Power        Failure   Level  Hunger
 Animate Skeleton         Necr           N/A          65%         1    ##.....
 Apportation              Tloc           #.....       65%         1    ##.....
 Confusing Touch          Hex            #.....       65%         1    ##.....
 Magic Dart               Conj           #...         65%         1    ##.....
 Pain                     Necr           #...         65%         1    ##.....
 Summon Small Mammal      Summ           #...         65%         1    ##.....
 Blink                    Tloc           N/A          78%         2    ###....
 Call Imp                 Summ           #.......     78%         2    ###....
 Slow                     Hex            #.......     78%         2    ###....
 Conjure Flame            Conj/Fire      #.......     95%         3    ####...
 Mephitic Cloud           Conj/Pois/Air  #.......     95%         3    ####...
 Regeneration             Chrm/Necr      #.........   95%         3    ####...
 Vampiric Draining        Necr           #.........   95%         3    ####...
 Animate Dead             Necr           N/A          100%        4    #####..


Dungeon Overview and Level Annotations

Branches:
Dungeon (10/15)            Temple (1/1) D:5            Lair (1/6) D:8
    Orc (2/2) D:9
    Elf: Orc:2

Altars:
Ashenzari
Cheibriados
Dithmenos
Elyvilon
Fedhas
Gozag
Hepliaklqana
Kikubaaqudgha
Makhleb
Nemelex Xobeh
Okawaru
Qazlal
Ru
Sif Muna
Trog
Uskayaw
Vehumet
Wu Jian
Xom
Yredelemnul
Zin
The Shining One
Beogh

Annotations:
D:10 Erolcha
Lair:1 Urug
Orc:1 Maurice


Message History

You feel hot and cold all over.
You feel clumsy.
Your roots penetrate the ground.
The orc priest begins to cast a cantrip, but forgets the words!
The orc priest mumbles some strange prayers to Beogh against you.
Beogh smites you!
* * * LOW HITPOINT WARNING * * *
You block the orc sorcerer's attack.
The orc priest shouts, "Beogh is our master!
Accept the truth or die!"
You hit the orc sorcerer.
The orc sorcerer is almost dead.
You slash the orc sorcerer!
You kill the orc sorcerer!
Okawaru accepts your kill.
The rust devil disappears in a puff of smoke!
Your base Armour skill increases to level 10!
You aren't carrying any items that you can evoke.
The orc priest mumbles some strange prayers to Beogh against you.
Beogh smites you!
You die...

.####....#
....'....##
.######...########
.# #.....#..#.# ##
##........# .+
#.##.....# .#
#..#...### .## .#
##..##...####o...#
.#
##..####..#♣)ooo.=#
.# #.###
##..###§...# .# ###
#### .## ..


You could see 3 orc priests and an orc.

Vanquished Creatures
  A two-headed ogre (Orc:2)
  2 orc sorcerers (Orc:2)
  A spiny frog (Lair:1)
  A troll (D:8)
  2 hornets (D:9)
  Grum (D:8)
  A hungry ghost (D:9)
  A soldier ant (D:9)
  A water moccasin (Lair:1)
  18 orc warriors
  2 ice beasts (D:8)
  5 ogres
  A necrophage (D:7)
  3 wolves (D:8)
  4 centaurs
  A crocodile (D:9)
  A big kobold (D:9)
  7 bullfrogs
  A scorpion (D:6)
  5 killer bees (D:8)
  5 wights (D:6)
  3 crimson imps
  A quasit (D:8)
  A centaur zombie (D:8)
  6 orc priests
  4 hounds
  6 orc wizards
  A bullfrog skeleton (D:9)
  Natasha (thrice) (D:3)
  A worker ant (D:9)
  A killer bee zombie (D:6)
  A hound zombie (D:4)
  2 hound skeletons
  3 gnolls (D:3)
  8 adders
  2 river rats (D:4)
  3 shadow imps (D:8)
  An ooze (D:5)
  An adder skeleton (D:9)
  An adder zombie (D:6)
  6 worms
  3 dart slugs
  2 leopard geckos
  64 orcs
  8 giant cockroaches
  2 gnoll zombies (D:3)
  5 goblins
  8 hobgoblins
  14 jackals
  20 kobolds
  5 quokkas
  2 ball pythons (D:4)
  9 bats
  2 frilled lizards (D:2)
  10 rats
273 creatures vanquished.

Vanquished Creatures (others)
  An orc wizard (D:9)
  3 fungi (Orc:1)
4 creatures vanquished.

Grand Total: 277 creatures vanquished

Notes
Turn   | Place    | Note
-------+----------+-------------------------------------------
     0 | D:1      | Mame the Hill Orc Fighter began the quest for the Orb.
     0 | D:1      | Reached XP level 1. HP: 19/19 MP: 1/1
    70 | D:1      | Reached skill level 3 in Axes
   257 | D:1      | Reached XP level 2. HP: 20/26 MP: 2/2
   432 | D:1      | Reached skill level 4 in Axes
   950 | D:2      | Reached XP level 3. HP: 31/31 MP: 3/3
   960 | D:2      | Reached skill level 5 in Axes
  1090 | D:2      | Found a snail-covered altar of Cheibriados.
  1113 | D:2      | Reached XP level 4. HP: 19/39 MP: 4/4
  1728 | D:2      | Reached skill level 6 in Axes
  2137 | D:3      | Noticed Natasha
  2158 | D:3      | Killed Natasha
  2158 | D:3      | Reached XP level 5. HP: 11/45 MP: 5/5
  2465 | D:3      | Noticed an angel
  2470 | D:3      | Noticed Natasha
  2480 | D:3      | Killed Natasha
  2480 | D:3      | Reached skill level 7 in Axes
  2513 | D:3      | Found a glowing silver altar of Zin.
  2515 | D:3      | Found a shimmering altar of Xom.
  2516 | D:3      | Noticed Natasha
  2524 | D:3      | Killed Natasha
  2685 | D:3      | Found a basalt altar of Yredelemnul.
  2765 | D:3      | Reached skill level 8 in Axes
  2765 | D:3      | Reached XP level 6. HP: 24/51 MP: 6/6
  3122 | D:3      | Found a hazy altar of Hepliaklqana.
  3340 | D:4      | Noticed a moth of wrath
  3343 | D:4      | Found a bloodstained altar of Trog.
  3606 | D:4      | Found an ornate altar of the Wu Jian Council.
  4034 | D:4      | Reached skill level 9 in Axes
  4050 | D:4      | Found a glowing drain.
  4121 | D:5      | Entered Level 5 of the Dungeon
  4185 | D:5      | Reached XP level 7. HP: 42/57 MP: 7/7
  4218 | D:5      | Found a staircase to the Ecumenical Temple.
  4236 | D:5      | Reached skill level 10 in Axes
  4262 | Temple   | Entered the Ecumenical Temple
  4468 | Temple   | Became a worshipper of Warmaster Okawaru
  4667 | D:5      | Found a shadowy altar of Dithmenos.
  5225 | D:6      | Reached skill level 11 in Axes
  5285 | D:6      | Reached * piety under Okawaru
  5323 | D:6      | Reached XP level 8. HP: 50/64 MP: 5/8
  5441 | D:6      | Reached skill level 12 in Axes
  6895 | D:7      | Reached skill level 13 in Axes
  7288 | D:7      | Found a radiant altar of Vehumet.
  7416 | D:7      | Reached skill level 1 in Invocations
  7416 | D:7      | Reached XP level 9. HP: 49/70 MP: 6/9
  7864 | D:8      | Reached ** piety under Okawaru
  7876 | D:8      | Reached skill level 14 in Axes
  8315 | D:8      | Found a staircase to the Lair.
  8365 | D:8      | Noticed a troll
  8375 | D:8      | Killed a troll
  8375 | D:8      | Reached skill level 5 in Armour
  8660 | D:8      | Reached skill level 5 in Fighting
  8892 | D:8      | Reached *** piety under Okawaru
  8904 | D:8      | Noticed Grum
  9231 | D:8      | Killed Grum
  9231 | D:8      | Reached XP level 10. HP: 83/83 MP: 12/12
  9334 | D:8      | Found a stormy altar of Qazlal.
  9404 | Lair:1   | Entered Level 1 of the Lair of Beasts
  9435 | Lair:1   | Noticed a spiny frog
  9453 | Lair:1   | Killed a spiny frog
  9453 | Lair:1   | Reached skill level 15 in Axes
  9453 | Lair:1   | Reached skill level 1 in Evocations
  9785 | Lair:1   | Noticed Urug
  9813 | Lair:1   | HP: 4/84 [Urug/silver javelin (1)]
 10157 | D:9      | Found a glowing silver altar of Zin.
 10234 | D:9      | Found a roughly hewn altar of Beogh.
 10346 | D:9      | Found a staircase to the Orcish Mines.
 10711 | D:9      | Found a shattered altar of Ashenzari.
 10782 | D:9      | Paralysed by a hornet for 3 turns
 10792 | D:9      | Paralysed by a hornet for 1 turns
 11275 | D:9      | Found a hide-covered altar of Uskayaw.
 11425 | D:10     | Entered Level 10 of the Dungeon
 11425 | D:10     | Noticed Erolcha
 11475 | Orc:1    | Entered Level 1 of the Orcish Mines
 11498 | Orc:1    | Reached **** piety under Okawaru
 11691 | Orc:1    | Noticed Maurice
 11918 | Orc:1    | Found a shimmering altar of Xom.
 11994 | Orc:2    | Entered Level 2 of the Orcish Mines
 12894 | Orc:2    | Noticed a two-headed ogre
 12921 | Orc:2    | Killed a two-headed ogre
 12921 | Orc:2    | Reached XP level 11. HP: 12/94 MP: 13/13
 13289 | Orc:2    | Noticed an orc sorcerer
 13289 | Orc:2    | Noticed an orc sorcerer
 13305 | Orc:2    | Killed an orc sorcerer
 13305 | Orc:2    | Reached ***** piety under Okawaru
 13319 | Orc:2    | Paralysed by an orc sorcerer for 3 turns
 13335 | Orc:2    | Killed an orc sorcerer
 13335 | Orc:2    | Reached skill level 10 in Armour
 13336 | Orc:2    | Killed from afar by an orc priest

Levels and vault maps discovered:
D:1:      ncdulo_halloftheorcs, layout_loops_corners,
          chequers_serial_rivers_large_a, serial_bayou_pond_c
D:2:      layout_rooms, nicolae_overflow_crystal_walls
D:3:      layout_loops_ring, grunt_temple_overflow_order_and_chaos_1,
          marbit_many_paths, lemuel_zombie_altar_yredelemnul, minmay_liquid_box,
          uniq_natasha
D:4:      layout_rooms, tgw_trog, old_standard_altar, first_ration,
          serial_co_window_serial, co_window_corner_a, co_window_paths_b,
          co_window_corner_a, co_window_of_opportunity_a, co_window_paths_a,
          co_window_corner_a, co_window_of_opportunity_a, co_window_corner_b,
          co_window_broadway_a, co_window_of_opportunity_b, glass_columns_a,
          portal_sewer_entry_b
D:5:      layout_basic, nicolae_dithmenos_through_a_glass_darkly,
          minmay_temple_entry_offerings
D:6:      layout_loops_ring
D:7:      layout_loops_ring, vehumet_altar_wand_db
D:8:      wad_pebble_path, layout_rooms, nicolae_qazlal_style_of_elements,
          uniq_grum
D:9:      layout_roguey, old_standard_altar, eat_drink_and_be_merry_uskayaw,
          david_orc_5, basic_altar, hangedman_pestilent_swarm
D:10:     layout_cave_pods, st_stairs_10, minivault_19,
          statue_in_the_mist_lemuel, minmay_checkerbox, uniq_erolcha
Temple:   jpeg_temple_alley_garden
Lair:1:   layout_cave_pods, grunt_megastairs_5, uniq_urug
Orc:1:    layout_caves, basic_altar, nicolae_orc_damp_corner, uniq_maurice
Orc:2:    pubby_orc_utopia

Skill      XL: |  1  2  3  4  5  6  7  8  9 10 11 |
---------------+----------------------------------+-----
Axes           | 3 4 5 6 8 9 11 13 14 15 | 15.3
Invocations    | 1 2 3 |  3.5
Fighting       | 5 8 |  8.6
Armour         | 6 9 10 | 10.0
Evocations     | 1 |  1.8
Shields        | 4 |  4.7

Action                   |  1- 3 |  4- 6 |  7- 9 | 10-12 || total
-------------------------+-------+-------+-------+-------++-------
Melee: War axe           |    96 |     8 |       |       ||   104
       Hand axe          |       |   338 |   525 |   554 ||  1417
Throw: Boomerang         |       |       |     9 |     1 ||    10
Invok: Heroism           |       |       |    11 |    20 ||    31
       Finesse           |       |       |       |     1 ||     1
Evoke: Wand              |       |       |     9 |    17 ||    26
  Use: Potion            |       |     6 |     7 |     8 ||    21
       Scroll            |       |     4 |     9 |     3 ||    16
  Eat: Chunk             |     1 |    10 |     1 |     3 ||    15
       Ration            |       |       |     5 |     3 ||     8
Armor: Scale mail        |    42 |    94 |   120 |    74 ||   330
       Leather armour    |     3 |       |       |       ||     3
       Skin              |       |       |       |    19 ||    19
Dodge: Dodged            |    27 |    74 |   107 |    81 ||   289
Block: Shield            |    48 |   115 |   183 |   197 ||   543

Table legend:
 A = Non-vault XP
 B = Vault XP
 C = Vault XP percentage of total XP
 D = Non-vault monster count
 E = Vault monster count
 F = Vault count percentage of total count
                 A         B        C        D         E       F
            +---------+---------+-------+---------+---------+-------
      Total |    6269 |    5136 |  45.0 |     198 |      76 |  27.7
            +---------+---------+-------+---------+---------+-------
        D:1 |      33 |       0 |   0.0 |      20 |       0 |   0.0
        D:2 |      97 |       0 |   0.0 |      32 |       0 |   0.0
        D:3 |     215 |      39 |  15.4 |      28 |       4 |  12.5
        D:4 |      82 |      58 |  41.4 |       6 |      13 |  68.4
        D:5 |     338 |       0 |   0.0 |       7 |       0 |   0.0
        D:6 |    1069 |       0 |   0.0 |      23 |       0 |   0.0
        D:7 |     597 |       2 |   0.3 |      23 |       1 |   4.2
        D:8 |    1979 |     535 |  21.3 |      25 |       4 |  13.8
        D:9 |     925 |    1079 |  53.8 |      26 |      25 |  49.0
     Lair:1 |     598 |       0 |   0.0 |       2 |       0 |   0.0
      Orc:1 |     336 |     147 |  30.4 |       6 |       7 |  53.8
      Orc:2 |       0 |    3276 | 100.0 |       0 |      22 | 100.0
            +---------+---------+-------+---------+---------+-------
